 Dungeon Crawl Stone Soup version 0.26-a0-259-g1effd001a9 (webtiles) character file.

Game seed: 3317428132544388077

15883 Apogee the Nimble (level 12, 0/153 HPs)
             Began as a Merfolk Skald on July 24, 2020.
             Was a Believer of Ashenzari.
             Slain by a +5 long sword (5 damage)
             ... on level 12 of the Dungeon on July 25, 2020.
             The game lasted 00:56:21 (20997 turns).

Apogee the Nimble (Merfolk Skald)                  Turns: 20997, Time: 00:56:22

Health: 0/153      AC: 32    Str: 10 (12) XL:     12   Next: 31%
Magic:  4/16       EV:  2    Int: 13 (16) God:    Ashenzari [**....]
Gold:   910        SH:  5    Dex: 11 (14) Spells: 8/17 levels left

rFire    x . .     SeeInvis +   J - +8 trident of the Octopus King {venom, rElec rPois MR+} (curse)
rCold    + . .     Faith    .   N - +0 buckler
rNeg     + + +     Spirit   .   (armour currently unavailable)
rPois    +         Reflect  .   (helmet currently unavailable)
rElec    +         Harm     .   (cloak currently unavailable)
rCorr    .         NoTele   +   (gloves currently unavailable)
MR       +....                  (boots currently unavailable)
Stlth    +.........             (no amulet)
HPRegen  0.35/turn              z - ring of see invisible
MPRegen  0.15/turn              a - ring of ice

@: icy armour, tree-form, very slightly contaminated
A: (change form in water), (swift swim), (stealthy swim)
a: Curse Item, Scrying, Renounce Religion


You were on level 12 of the Dungeon.
You worshipped Ashenzari.
Ashenzari was pleased with you.
You were not hungry.
You were a tree.
You visited 2 branches of the dungeon, and saw 14 of its levels.

You collected 910 gold pieces.

Inventory:

Hand Weapons
 J - the cursed +8 trident of the Octopus King (weapon) {venom, rElec rPois MR+}
   (You acquired it on level 12 of the Dungeon)

   It poisons the flesh of those it strikes.
   It insulates you from electricity.
   It protects you from poison.
   It affects your resistance to hostile enchantments.
   It has a curse placed upon it.
Missiles
 F - 318 stones (quivered)
Armour
 b - a +0 cloak (melded)
   (You found it on level 6 of the Dungeon)
 g - a +2 leather armour of poison resistance (melded)
   (You found it on level 1 of the Dungeon)
 D - a +0 pair of gloves (melded)
   (You found it on level 2 of the Dungeon)
 E - a +0 troll leather armour
   (You found it on level 9 of the Dungeon)
 N - a +0 buckler (worn)
   (You found it on level 12 of the Dungeon)
Jewellery
 a - a ring of ice (right branch)
   (You found it on level 6 of the Dungeon)
 j - the ring "Cycri" {rPois rN++}
   (You took it off a wight on level 8 of the Dungeon)

   [ring of poison resistance]

   It protects you from poison.
   It greatly protects you from negative energy.
 l - an uncursed ring of protection from magic
   (You found it on level 9 of the Dungeon)
 w - the ring of Doubts {rPois rN+++ MR- Dex+2 SInv}
   (You found it on level 8 of the Dungeon)

   [ring of see invisible]

   It affects your dexterity (+2).
   It protects you from poison.
   It renders you almost immune to negative energy.
   It affects your resistance to hostile enchantments.
   It lets you see invisible.
 z - a ring of see invisible (left branch)
   (You found it on level 8 of the Dungeon)
 G - an uncursed ring of magical power
   (You found it on level 9 of the Dungeon)
 H - an uncursed ring of stealth
   (You found it on level 10 of the Dungeon)
Wands
 c - a wand of disintegration (6)
   (You found it on level 7 of the Dungeon)
 d - a wand of iceblast (9)
   (You found it on level 9 of the Dungeon)
 p - a wand of polymorph (11)
   (You took it off Ijyb on level 3 of the Dungeon)
 v - a wand of digging (5)
   (You found it on level 10 of the Dungeon)
 x - a wand of acid (14)
   (You found it on level 3 of the Dungeon)
Scrolls
 h - 3 scrolls of remove curse {@r2}
 k - 20 scrolls of identify {unknown}
 m - a scroll of noise {unknown}
 o - 2 scrolls of teleportation {@r4}
 q - 2 scrolls of enchant weapon {unknown}
 r - 3 scrolls of fog {unknown}
 s - 2 scrolls of amnesia {unknown}
 u - 3 scrolls of blinking {unknown}
Potions
 f - 3 potions of stabbing
 n - 2 potions of curing {@q1}
 y - 2 potions of haste {@q3}
 A - 3 potions of cancellation
Miscellaneous
 t - a phantom mirror
Comestibles
 e - 47 rations {!d}


   Skills:
 - Level 11.9 Fighting
 - Level 12.0(14.0) Polearms
 - Level 0.6 Armour
 - Level 12.5 Dodging
 + Level 4.5 Shields
 - Level 3.0 Spellcasting
 - Level 5.2 Hexes
 - Level 5.7 Charms
 - Level 2.6 Translocations
 - Level 5.0 Ice Magic


You had 8 spell levels left.
You knew the following spells:

 Your Spells              Type           Power        Failure   Level
a - Infusion              Chrm           ###.         2%          1
b - Ozocubu's Armour      Chrm/Ice       ###.....     8%          3
q - Shroud of Golubria    Chrm/Tloc      ##....       6%          2
t - Spectral Weapon       Hex/Chrm       ###.....     8%          3

Your spell library contained the following spells:

 Spells                   Type           Power        Failure   Level
 Song of Slaying          Chrm           ###.....     3%          2
 Swiftness                Chrm/Air       #.......     11%         2
 Animate Skeleton         Necr           #.....       22%         1
 Pain                     Necr           #...         22%         1
 Shock                    Conj/Air       #...         22%         1
 Static Discharge         Conj/Air       #.......     56%         3
 Vampiric Draining        Necr           #.........   56%         3
 Airstrike                Air            #.........   92%         4
 Animate Dead             Necr           #.........   92%         4
 Agony                    Necr           #.......     99%         5
 Lightning Bolt           Conj/Air       #.........   99%         5


Dungeon Overview and Level Annotations

Branches:
Dungeon (13/15)            Temple (1/1) D:5            Lair (0/6) D:11
    Orc (0/2) D:9
 Vaults: D:13-14

Altars:
Ashenzari
Cheibriados
Dithmenos
Elyvilon
Gozag
Kikubaaqudgha
Makhleb
Nemelex Xobeh
Ru
Trog
Uskayaw
Xom
Yredelemnul
Zin
The Shining One

Shops:
D:6 [

Annotations:
D:6 1 runed translucent door, Crazy Yiuf
D:10 Nergalle


Message History

Nothing appears to happen.
The +5 long sword misses you.
Unknown command.
You feel a surge of power! A film of ice covers your body!
The +5 long sword barely misses you. The +5 long sword hits you!
* * * LOW HITPOINT WARNING * * *
You miss the +5 long sword.
Your spectral weapon completely misses the +5 long sword.
You miss the +5 long sword. The +5 long sword hits you!
* * * LOW HITPOINT WARNING * * *
Your spectral weapon hits the +5 long sword!
Your icy armour cracks and falls away as you move.
The +5 long sword hits you!
* * * LOW HITPOINT WARNING * * *
The +5 long sword hits your spectral weapon!
Your spectral weapon shares its damage with you!
Your spectral weapon fades away.
* * * LOW HITPOINT WARNING * * *
There is an open door here.
Okay, then.
Okay, then.
The +5 long sword misses you.
The +5 long sword hits you but does no damage.
The +5 long sword hits you but does no damage.
There is an open door here.
You block the +5 long sword's attack.
There is an open door here.
The +5 long sword hits you.
* * * LOW HITPOINT WARNING * * *
The +5 long sword hits you!
* * * LOW HITPOINT WARNING * * *
There is a stone staircase leading up, spattered with blood here.
The +5 long sword hits you but does no damage. x2
You climb upwards.
There is a stone staircase leading down here.
Things that are here:
a +2 vorpal spear; a +5 glaive of venom Really quaff
K - a potion of lignification {!q}?
Really quaff the potion of lignification?
You turn into a tree.
Your +0 cloak melds into your body.
Your +0 pair of gloves melds into your body.
Your +2 leather armour of poison resistance melds into your body.
Your roots penetrate the ground.
The +5 long sword hits you but does no damage. x3
The +5 long sword hits you.
* * * LOW HITPOINT WARNING * * *
You feel a surge of power! A film of ice covers your body!
The +5 long sword hits you but does no damage.
The +5 long sword barely misses you.
You draw out your weapon's spirit!
The +5 long sword hits you.
You die...

#############...............#####
..........(.(....................
########....((.......############
#.............# #........(....#
#.............# #.............#
########.............############
...............(♣(...............
##########.....(....[............
#..#####################
##########..#
............#####################
.........................<.......
##############...................
#.################## #.#


You could see 2 dancing weapons and a friendly spectral +8 trident of the
Octopus King {venom, rElec rPois MR+}.

Vanquished Creatures
  A catoblepas (D:13)
  4 two-headed ogres
  An unseen horror (D:10)
  2 ugly things
  2 manticores (D:11)
  A cyclops (D:12)
  2 komodo dragons (D:8)
  4 trolls
  A hornet (D:12)
  2 hippogriffs
  A vampire (D:13)
  A spriggan (D:7)
  2 wyverns
  2 shadows
  2 yaks (D:11)
  A wraith (D:11)
  Grum (D:6)
  3 porcupines (D:11)
  3 orc warriors
  A sky beast (D:7)
  2 black bears
  A necrophage (D:7)
  An eye of draining (D:8)
  3 phantoms
  3 ogres
  10 centaurs
  2 big kobolds
  3 crocodiles
  10 bullfrogs
  3 gnoll sergeants
  A wyvern skeleton (D:6)
  3 scorpions
  4 jellies
  6 killer bees (D:10)
  A wight (D:8)
  2 howler monkeys
  2 centaur zombies
  A bullfrog zombie (D:7)
  14 orc priests
  3 gnoll shamans (D:6)
  13 hounds
  A bullfrog skeleton (D:12)
  6 iguanas
  2 centaur skeletons
  Jessica (D:2)
  Ijyb (D:3)
  12 orc wizards
  13 worker ants
  A killer bee zombie (D:9)
  2 hound skeletons
  2 hound zombies (D:9)
  A worker ant zombie (D:6)
  A howler monkey skeleton (D:6)
  14 gnolls
  14 adders
  2 shadow imps
  A white imp (D:6)
  3 ufetubi
  2 oozes
  An adder zombie (D:8)
  3 adder skeletons
  A worm (D:2)
  A dart slug (D:1)
  3 leopard geckos
  43 orcs
  2 ball pythons
  5 bats
  8 giant cockroaches
  7 goblins
  11 hobgoblins
  26 jackals
  14 kobolds
  3 quokkas
  6 frilled lizards
  A leopard gecko zombie (D:6)
  5 rats
344 creatures vanquished.

Vanquished Creatures (others)
  39 fungi (D:11)
  16 plants (D:11)
  12 spectral weapons
67 creatures vanquished.

Grand Total: 411 creatures vanquished

Notes
Turn   | Place    | Note
-------+----------+-------------------------------------------
     0 | D:1      | Apogee the Merfolk Skald began the quest for the Orb.
     0 | D:1      | Reached XP level 1. HP: 16/16 MP: 3/3
   259 | D:1      | Reached XP level 2. HP: 20/23 MP: 5/5
   772 | D:1      | Reached XP level 3. HP: 26/28 MP: 6/6
   776 | D:1      | Learned a level 2 spell: Shroud of Golubria
  1259 | D:2      | Reached skill level 1 in Translocations
  1496 | D:2      | Reached XP level 4. HP: 34/34 MP: 7/7
  1561 | D:2      | Noticed Jessica
  1600 | D:2      | Killed Jessica
  2144 | D:2      | Reached XP level 5. HP: 29/39 MP: 4/9
  2423 | D:2      | Found a burning altar of Makhleb.
  2777 | D:2      | Learned a level 3 spell: Spectral Weapon
  2926 | D:3      | Noticed Ijyb
  2978 | D:3      | Killed Ijyb
  3089 | D:3      | Reached skill level 1 in Hexes
  3172 | D:3      | Found a hide-covered altar of Uskayaw.
  3177 | D:3      | Found a bloodstained altar of Trog.
  3267 | D:3      | Reached skill level 5 in Polearms
  3267 | D:3      | Reached XP level 6. HP: 18/46 MP: 7/10
  4636 | D:4      | Reached XP level 7. HP: 49/51 MP: 5/11
  5151 | D:5      | Entered Level 5 of the Dungeon
  5151 | D:5      | Found a staircase to the Ecumenical Temple.
  5157 | Temple   | Entered the Ecumenical Temple
  5368 | Temple   | Became a worshipper of Ashenzari the Shackled
  5787 | D:4      | Got the uncursed pair of gloves of the Kangaroo {Harm}
  6001 | D:4      | Found a glowing golden altar of the Shining One.
  6453 | D:5      | Reached skill level 5 in Charms
  6559 | D:5      | Reached XP level 8. HP: 57/57 MP: 8/12
  6670 | D:5      | Got the uncursed robe "Ohax" {*Corrode MR+ SInv}
  6781 | D:5      | Found a sacrificial altar of Ru.
  7133 | D:5      | Reached skill level 5 in Hexes
  7139 | D:5      | Learned a level 3 spell: Ozocubu's Armour
  7261 | D:5      | Reached skill level 1 in Ice Magic
  8708 | D:6      | Found an ancient bone altar of Kikubaaqudgha.
  8722 | D:6      | Noticed a hippogriff
  8964 | D:5      | Reached XP level 9. HP: 64/64 MP: 13/13
  9888 | D:6      | Reached skill level 10 in Polearms
  9945 | D:6      | Noticed Grum
 10460 | D:6      | Killed Grum
 10646 | D:6      | Found a runed translucent door.
 10647 | D:6      | Noticed Crazy Yiuf
 10681 | D:6      | Found Gyegh's Armour Shoppe.
 10755 | D:6      | Reached skill level 5 in Ice Magic
 10782 | D:6      | Reached skill level 5 in Fighting
 11805 | D:7      | Reached XP level 10. HP: 76/76 MP: 14/14
 11865 | D:7      | Found a shadowy altar of Dithmenos.
 12097 | D:7      | Found a basalt altar of Yredelemnul.
 12143 | D:8      | Found a glowing silver altar of Zin.
 12373 | D:8      | Reached skill level 5 in Dodging
 13034 | D:8      | Reached * piety under Ashenzari
 13078 | D:8      | Identified the ring "Cycri" {rPois rN++}
 13228 | D:8      | Identified the ring of Doubts {rPois rN+++ MR- Dex+2 SInv}
 13426 | D:8      | Noticed a two-headed ogre
 13438 | D:8      | Killed a two-headed ogre
 14277 | D:9      | Found a burning altar of Makhleb.
 14316 | D:9      | Found a staircase to the Orcish Mines.
 14717 | D:9      | Noticed a two-headed ogre
 14756 | D:9      | Killed a two-headed ogre
 14756 | D:9      | Reached XP level 11. HP: 21/90 MP: 1/15
 15222 | D:9      | Found a sparkling altar of Nemelex Xobeh.
 15346 | D:10     | Entered Level 10 of the Dungeon
 15684 | D:10     | Reached skill level 10 in Fighting
 15718 | D:10     | Reached ** piety under Ashenzari
 15718 | D:10     | Found a glowing golden altar of the Shining One.
 15753 | D:10     | Noticed Nergalle
 15948 | D:10     | Reached skill level 10 in Dodging
 16140 | D:10     | Noticed an unseen horror
 16143 | D:10     | Killed an unseen horror
 16369 | D:10     | Noticed a spectral orc warlord
 17335 | D:11     | Noticed a white ugly thing
 17348 | D:11     | Killed a white ugly thing
 17423 | D:11     | Noticed a two-headed ogre
 17437 | D:11     | Killed a two-headed ogre
 17973 | D:11     | Found a staircase to the Lair.
 18332 | D:11     | Noticed a manticore
 18359 | D:11     | Killed a manticore
 18628 | D:11     | Noticed a manticore
 18650 | D:11     | Killed a manticore
 19245 | D:12     | Noticed a cyclops
 19263 | D:12     | Killed a cyclops
 19263 | D:12     | Reached XP level 12. HP: 65/101 MP: 8/16
 19758 | D:12     | Noticed a two-headed ogre
 19768 | D:12     | Killed a two-headed ogre
 20582 | D:12     | Identified a scroll of acquirement
 20582 | D:12     | Acquired the cursed +8 trident of the Octopus King {venom,
                  | rElec rPois MR+}
 20583 | D:12     | Found the cursed +8 trident of the Octopus King {venom,
                  | rElec rPois MR+}
 20842 | D:13     | Noticed a catoblepas
 20857 | D:13     | Killed a catoblepas
 20992 | D:13     | HP: 2/102 [+5 long sword (12)]
 20997 | D:12     | Slain by a +5 long sword

Illustrated notes

Levels and vault maps discovered:
D:1:      scummos_arrival_star, layout_basic
D:2:      layout_basic, serial_bayou_lagoon_a, makhleb_blood_cavern_becter,
          uniq_jessica
D:3:      layout_basic, overflow_temple_1_default, old_standard_altar,
          first_ration, glass_columns_a, uniq_ijyb
D:4:      layout_basic, marbit_many_paths
D:5:      layout_basic, nicolae_ru_sacrificial_ziggurat,
          minmay_temple_entry_overgrown, minmay_fountain_box
D:6:      layout_cave_pools, kiku_gazebo_garden_becter, serial_gnoll_camp,
          gnoll_camp_mini_shop, gnoll_camp_mini_hut, gnoll_camp_mini_basic,
          gnoll_camp_huts_basic, grums_kennel, gnoll_camp_mini_hut,
          uniq_crazy_yiuf_cottage
D:7:      layout_rooms, kennysheep_mini_moat, nicolae_dithmenos_the_darkroom,
          the_bakery
D:8:      minmay_the_grid_square_5x5_3x3
          [minmay_the_grid_square_5x5_pentomino_r, minmay_the_grid_square_5x5_z,
          minmay_the_grid_square_5x5_spiral_small,
          minmay_the_grid_square_5x5_beaten_path,
          minmay_the_grid_square_5x5_megaprize_checkered,
          minmay_the_grid_square_5x5_minivault,
          minmay_the_grid_square_5x5_fat_x, minmay_the_grid_square_5x5_moneybag,
          minmay_the_grid_square_5x5_detours], layout_rooms, lemuel_round_altar,
          serial_co_window_serial, co_window_paths_b, co_window_corner_a,
          co_window_of_opportunity_a, co_window_paths_a, co_window_corner_a,
          co_window_of_opportunity_a, co_window_paths_a,
          co_window_unsneaky_path_d, co_window_2corner, co_window_cross_4,
          co_window_unsneaky_path_c, co_window_4corner_b, co_window_paths_e,
          glass_columns_b, glass_columns_a, glass_columns_b, glass_columns_b,
          glass_columns_c
D:9:      layout_small_grid, kennysheep_mini, nicolae_overflow_crystal_walls,
          orc_0_dummy, grunt_decor_resistance, hangedman_abyss_or_decor_stagger,
          kennysheep_generic_room_7
D:10:     layout_roguey, basic_altar, grunt_ministairs_3, uniq_grum,
          uniq_nergalle
D:11:     layout_stronghold, due_lair_maze_entry_diamond, centaur_isle
D:12:     layout_long_grid
D:13:     layout_roguey, erik_vaults_1
Temple:   hc_temple_tempest_star

Skill      XL: |  1  2  3  4  5  6  7  8  9 10 11 12 |
---------------+-------------------------------------+-----
Polearms       | 4 5 6 9 12 | 12.0
Translocations | 1 2 |  2.6
Spellcasting   | 3 |  3.0
Hexes          | 1 3 4 5 |  5.2
Charms         | 5 |  5.7
Ice Magic      | 3 5 |  5.0
Fighting       | 3 6 9 11 | 11.9
Dodging        | 3 9 12 | 12.5
Shields        | 4 |  4.5
Armour         | |  0.6

Action                   |  1- 3 |  4- 6 |  7- 9 | 10-12 || total
-------------------------+-------+-------+-------+-------++-------
Melee: Spear             |   112 |   323 |   721 |   810 ||  1966
       Trident           |       |       |       |    32 ||    32
Throw: Stone             |    17 |    34 |     9 |     1 ||    61
 Cast: Infusion          |     4 |    15 |    27 |     3 ||    49
       Spectral Weapon   |       |     2 |    21 |    37 ||    60
       Shroud of Golubri |       |       |     9 |    14 ||    23
       Ozocubu's Armour  |       |       |    16 |    25 ||    41
Invok: Curse Item        |       |       |     1 |       ||     1
Evoke: Wand              |       |     1 |       |     8 ||     9
  Use: Potion            |       |       |     5 |     6 ||    11
       Scroll            |       |       |       |     5 ||     5
 Stab: Sleeping          |       |     4 |     2 |     5 ||    11
       Distracted        |       |       |     2 |     7 ||     9
  Eat: Ration            |     1 |     3 |     6 |     7 ||    17
Armor: Leather armour    |    23 |    70 |   115 |    99 ||   307
       Skin              |       |    11 |       |     4 ||    15
Dodge: Dodged            |    38 |   130 |   328 |   364 ||   860
Block: Buckler           |       |       |       |     9 ||     9

Table legend:
 A = Non-vault XP
 B = Vault XP
 C = Vault XP percentage of total XP
 D = Non-vault monster count
 E = Vault monster count
 F = Vault count percentage of total count
                 A         B        C        D         E       F
            +---------+---------+-------+---------+---------+-------
      Total |   16846 |    5844 |  25.8 |     277 |      67 |  19.5
            +---------+---------+-------+---------+---------+-------
        D:1 |      39 |       0 |   0.0 |      18 |       0 |   0.0
        D:2 |     121 |      79 |  39.5 |      33 |       2 |   5.7
        D:3 |     130 |      36 |  21.7 |      24 |       1 |   4.0
        D:4 |     658 |       0 |   0.0 |      24 |       0 |   0.0
        D:5 |     900 |     131 |  12.7 |      34 |       2 |   5.6
        D:6 |     783 |     948 |  54.8 |      20 |      27 |  57.4
        D:7 |    1054 |     220 |  17.3 |      27 |       1 |   3.6
        D:8 |     503 |    2411 |  82.7 |      13 |      16 |  55.2
        D:9 |    2375 |       3 |   0.1 |      21 |       1 |   4.5
       D:10 |    2083 |       2 |   0.1 |      20 |       1 |   4.8
       D:11 |    3638 |    2014 |  35.6 |      24 |      16 |  40.0
       D:12 |    3176 |       0 |   0.0 |      16 |       0 |   0.0
       D:13 |    1386 |       0 |   0.0 |       3 |       0 |   0.0
            +---------+---------+-------+---------+---------+-------
